 Dungeon Sprint DCSS version 0.27-a0-277-g024f7ef292 (webtiles) character file.

Game seed: 11105911877227634387

827 mhtbhm the Protected (level 7, -8/109 HPs)
             Began as a Minotaur Fighter on Feb 6, 2021.
             Was an Elder of Trog.
             Mangled by a snapping turtle (21 damage)
             ... in the Dungeon (Sprint VII: "The Pits").
             The game lasted 00:01:01 (549 turns).

mhtbhm the Protected (Minotaur Fighter)              Turns: 549, Time: 00:01:02

Health: -8/109     AC: 10    Str: 23    XL:     7   Next: 64%
Magic:  6/6        EV: 10    Int:  5    God:    Trog [****..]
Gold:   0          SH: 12    Dex:  9    Spells: 6/6 levels left

rFire    . . .     SeeInvis .   a - +2 hand axe (vorpal)
rCold    . . .     Faith    .   c - +0 kite shield
rNeg     . . .     Spirit   .   b - +3 ring mail
rPois    .         Reflect  .   (helmet restricted)
rElec    .         Harm     .   (no cloak)
rCorr    .         Rampage  .   (no gloves)
Will     .....     NoTele   +   (no boots)
Stlth    ..........             (no amulet)
HPRegen  0.28/turn              (no ring)
MPRegen  0.10/turn              (no ring)

@: berserking, very quick
A: retaliatory headbutt, horns 2
a: Renounce Religion, Berserk, Trog's Hand, Brothers in Arms


You were in the Dungeon.
You worshipped Trog.
Trog was greatly pleased with you.
You visited 1 branch

Inventory:

Hand Weapons
 a - a +2 vorpal hand axe (weapon)
Armour
 b - a +3 ring mail (worn)
 c - a +0 kite shield (worn)
Scrolls
 j - a scroll of blinking
 l - 3 scrolls of remove curse
 m - a scroll of summoning
Potions
 d - a potion of might
 e - 6 potions of curing
 f - 5 potions of heal wounds
 g - a potion of haste
 h - 4 potions of magic
 i - 3 potions of berserk rage
 k - 2 potions of invisibility


   Skills:
 + Level 10.9 Fighting
 + Level 9.0 Axes
 + Level 11.1 Armour
 + Level 1.5 Dodging
 + Level 10.9 Shields


You had 6 spell levels left.
You didn't know any spells.
Your spell library was empty.

Dungeon Overview and Level Annotations

Branches:
Dungeon (1/1)

Altars:
Cheibriados
Dithmenos
Elyvilon
Fedhas
Gozag
Hepliaklqana
Makhleb
Nemelex Xobeh
Okawaru
Qazlal
Ru
Sif Muna
Trog
Vehumet
Wu Jian
Xom
Yredelemnul
Zin
The Shining One
Beogh
Jiyva
Lugonu


Innate Abilities, Weirdness & Mutations

You reflexively headbutt those who attack you in melee.
You have a pair of horns on your head.


Message History

You barely miss the snapping turtle.
The snapping turtle is moderately wounded.
You hit the snapping turtle.
The snapping turtle is moderately wounded.
The snapping turtle bites you but does no damage.
You hit the snapping turtle.
The snapping turtle is heavily wounded.
You block the snapping turtle's attack.
You hit the snapping turtle.
The snapping turtle is heavily wounded.
You slash the snapping turtle! You headbutt the snapping turtle.
The snapping turtle is almost dead.
The snapping turtle bites you!!
* * * LOW HITPOINT WARNING * * *
You hit the snapping turtle.
The snapping turtle is almost dead.
You barely miss the snapping turtle.
The snapping turtle is almost dead.
The snapping turtle bites you!!
You die...

#.#........##.......#
#.#........##.......#
#'###########.......#
#.......# #########
#†..#...# #...#...#
#.##.##.#+#
#...#...#t+
#...#...#@#
#.......'.#
###########


You could see a snapping turtle.

Vanquished Creatures
  A flying skull (D)
  A warg (D)
  2 floating eyes (D)
  An ice beast (D)
  A black bear (D)
  A necrophage (D)
  A big kobold (D)
  An adder (D)
  A river rat (D)
  An ufetubus (D)
  An adder zombie (D)
  A worm (D)
  A giant cockroach (D)
  A hobgoblin (D)
  A quokka (D)
16 creatures vanquished.

Notes
Turn   | Place    | Note
-------+----------+-------------------------------------------
     0 | D        | mhtbhm the Minotaur Fighter began the quest for the Orb.
     0 | D        | Reached XP level 1. HP: 19/19 MP: 0/0
    13 | D        | Reached skill level 4 in Armour
    17 | D        | Found a bloodstained altar of Trog.
    17 | D        | Found a shimmering blue altar of Sif Muna.
    17 | D        | Found a viscous altar of Jiyva.
    17 | D        | Found a hazy altar of Hepliaklqana.
    17 | D        | Found an opulent altar of Gozag.
    18 | D        | Found a glowing golden altar of the Shining One.
    18 | D        | Found a glowing silver altar of Zin.
    18 | D        | Found a basalt altar of Yredelemnul.
    18 | D        | Found a shimmering altar of Xom.
    18 | D        | Found an ornate altar of the Wu Jian Council.
    18 | D        | Found a sacrificial altar of Ru.
    18 | D        | Found a stormy altar of Qazlal.
    18 | D        | Found an iron altar of Okawaru.
    18 | D        | Found a sparkling altar of Nemelex Xobeh.
    18 | D        | Found a burning altar of Makhleb.
    18 | D        | Found a blossoming altar of Fedhas.
    18 | D        | Found a white marble altar of Elyvilon.
    18 | D        | Found a shadowy altar of Dithmenos.
    18 | D        | Found a snail-covered altar of Cheibriados.
    20 | D        | Found a radiant altar of Vehumet.
    20 | D        | Found a corrupted altar of Lugonu.
    20 | D        | Found a roughly hewn altar of Beogh.
    22 | D        | Became a worshipper of Trog the Wrathful
    59 | D        | Noticed a floating eye
    63 | D        | Killed a floating eye
    64 | D        | Reached skill level 7 in Armour
    64 | D        | Reached XP level 2. HP: 34/34 MP: 1/1
    64 | D        | Reached XP level 3. HP: 39/39 MP: 2/2
    64 | D        | Reached XP level 4. HP: 47/47 MP: 3/3
    68 | D        | Noticed a floating eye
    70 | D        | Paralysed by a floating eye for 2 turns
    72 | D        | Reached * piety under Trog
    73 | D        | Killed a floating eye
    74 | D        | Reached skill level 5 in Axes
    74 | D        | Reached skill level 8 in Armour
    74 | D        | Reached XP level 5. HP: 54/56 MP: 4/4
    84 | D        | Noticed a black bear
    88 | D        | Reached ** piety under Trog
    98 | D        | Killed a black bear
    99 | D        | Reached skill level 9 in Armour
    99 | D        | Reached XP level 6. HP: 27/63 MP: 5/5
   310 | D        | Noticed an ice beast
   311 | D        | Noticed a flying skull
   311 | D        | Noticed a warg
   315 | D        | Killed an ice beast
   320 | D        | Killed a flying skull
   320 | D        | Reached *** piety under Trog
   321 | D        | Reached skill level 10 in Fighting
   321 | D        | Reached skill level 10 in Armour
   321 | D        | Reached skill level 1 in Dodging
   321 | D        | Reached skill level 10 in Shields
   321 | D        | Reached XP level 7. HP: 73/73 MP: 6/6
   325 | D        | Reached **** piety under Trog
   326 | D        | Reached skill level 11 in Armour
   344 | D        | Noticed a snapping turtle
   549 | D        | Mangled by a snapping turtle

Illustrated notes

Levels and vault maps discovered:
D:        pitsprint [storerooms_1, entrance_room_1, metal_vault_8, armoury_2,
          mini_pit_1, grid_room_1, main_hall_1, silver_pit, the_coven_3,
          the_vestibule_1, steel_vault_1, golden_pit, hallway_of_sentries,
          crystal_vault_5, iron_vault_1, final_vault]

Skill      XL: |  1  2  3  4  5  6  7 |
---------------+----------------------+-----
Fighting       | 7 8 9 10 | 10.9
Armour         | 7 8 9 10 11 | 11.1
Shields        | 6 8 9 10 | 10.9
Axes           | 4 5 6 8 9 |  9.0
Dodging        | 1 |  1.5

Action                   |  1- 3 |  4- 6 |  7- 9 || total
-------------------------+-------+-------+-------++-------
Melee: Hand axe          |     4 |    25 |    36 ||    65
       War axe           |     3 |       |       ||     3
       Headbutt          |     2 |     4 |     8 ||    14
Invok: Berserk           |       |     1 |     1 ||     2
  Use: Potion            |       |       |     1 ||     1
Armor: Scale mail        |     4 |    16 |       ||    20
       Ring mail         |       |     4 |     4 ||     8
Dodge: Dodged            |     3 |    10 |     7 ||    20
Block: Kite shield       |     2 |    21 |    18 ||    41

Table legend: (Time is in decaauts)
 A = Elapsed time spent in this place.
 B = Non-inter-level travel time spent in this place.
 C = Inter-level travel time spent in this place.
 D = Time resting spent in this place.
 E = Time spent auto-exploring this place.
 F = Levels seen in this place.
 G = Mean time per level.
                   A        B        C        D        E       F      G
               +--------+--------+--------+--------+--------+-----+--------+
         Total |    555 |    555 |      0 |    318 |     35 |   1 |  555.0 |
       Dungeon |    555 |    555 |      0 |    318 |     35 |   1 |  555.0 |
               +--------+--------+--------+--------+--------+-----+--------+

Top non-repeatable levels by time:
       D: 555 daAuts
